 Dungeon Crawl Stone Soup version 0.29.1-13-g9f3cf754e1 (webtiles) character file.

Game seed: 15192821428891612268

293 GeoRichter the Cudgeller (level 6, -3/84 HPs)
             Began as a Minotaur Fighter on Jan 20, 2023.
             Was an Initiate of Okawaru.
             Killed from afar by Dowan (15 damage)
             ... with a shard of ice
             ... on level 4 of the Dungeon.
             The game lasted 00:04:59 (2573 turns).

GeoRichter the Cudgeller (Minotaur Fighter)         Turns: 2573, Time: 00:04:59

Health: -3/84      AC: 23    Str: 22    XL:     6   Next: 11%
Magic:  5/6        EV:  2    Int:  5    God:    Okawaru [......]
Gold:   151        SH:  4    Dex: 10    Spells: 5/5 levels left

rFire   . . .      SeeInvis .   a - +0 flail
rCold   . . .      Faith    .   c - +0 buckler
rNeg    . . .      Spirit   .   (body armour currently unavailable)
rPois   +          Reflect  .   (helmet currently unavailable)
rElec   .          Harm     .   (cloak currently unavailable)
rCorr   .          Rampage  .   (gloves currently unavailable)
Will    .....      NoTele   +   (boots currently unavailable)
Stlth   +.........              (no amulet)
HPRegen 0.24/turn               (no ring)
MPRegen 0.10/turn               (no ring)

@: tree-form (expiring)
A: stationary, stasis, torment immunity, boosted hp, (horns 2), (retaliatory
headbutt)
a: Renounce Religion


You were on level 4 of the Dungeon.
You worshipped Okawaru.
Okawaru was noncommittal.
You were a tree.
You visited 1 branch of the dungeon, and saw 4 of its levels.

You collected 151 gold pieces.

Inventory:

Hand Weapons
 a - a +0 flail (weapon)
Missiles
 n - 19 stones (quivered)
Armour
 c - a +0 buckler (worn)
 i - the +0 robe of Conscience {rElec rF- rN++}
   (You found it on level 2 of the Dungeon)

   rF:        It makes you vulnerable to fire.
   rElec:     It insulates you from electricity.
   rN:        It greatly protects you from negative energy.
 l - a +0 plate armour (melded)
   (You found it on level 2 of the Dungeon)
Scrolls
 b - a scroll of summoning {unknown}
 g - a scroll of enchant weapon {unknown}
 j - a scroll of enchant armour {unknown}
 k - a scroll of magic mapping {unknown}
 o - a scroll of teleportation {unknown}
Potions
 e - 3 potions of brilliance
 f - 2 potions of lignification {!q}
 m - a potion of heal wounds {unknown}


   Skills:
 + Level 5.3 Fighting
 * Level 6.0 Maces & Flails
 + Level 1.3 Throwing
 - Level 3.6 Armour
 - Level 3.6 Shields
 + Level 1.4 Invocations


You had 5 spell levels left.
You didn't know any spells.
Your spell library contained the following spells:

 Spells                   Type           Power      Damage    Failure   Level
 Ensorcelled Hibernation  Hex/Ice        0%         N/A       71%         2
 Spider Form              Tmut/Pois      0%         N/A       91%         3
 Anguish                  Hex/Necr       0%         N/A       100%        4


Dungeon Overview and Level Annotations

Branches:
Dungeon (4/15) Zot: 21411
 Temple: D:4-7

Altars:
Cheibriados
Okawaru
Qazlal
Trog
Uskayaw
Yredelemnul

Annotations:
D:4 Dowan


Innate Abilities, Weirdness & Mutations

You are a tree.
Your roots penetrate the ground, keeping you stationary.
You cannot be teleported.
You are immune to unholy pain and torment.
Your maximum health is greatly increased.
Your equipment is partially melded.
((You have a pair of horns on your head.))
((You reflexively headbutt those who attack you in melee.))


Message History

You feel very sick.
The killer bee stings you but does no damage.
You block the killer bee's attack.
You hit the killer bee but do no damage.
Your headbutt misses the killer bee.
You feel very sick. You block the killer bee's attack. x2
You hit the killer bee but do no damage.
You feel very sick.
The killer bee stings you but does no damage.
The killer bee barely misses you. You furiously retaliate!
You headbutt the killer bee.
You kill the killer bee!
Okawaru accepts your kill.
Your Maces & Flails skill increases to level 6!
You have reached level 6!
It was a potion of lignification.
You turn into a tree.
Your +0 plate armour melds into your body.
Your roots penetrate the ground.
You feel sick. The orc hits you but does no damage.
You closely miss the orc.
You feel sick. The orc hits you but does no damage.
You hit the orc but do no damage.
You feel sick. You block the orc's attack.
You barely miss the orc.
You feel sick. You block the orc's attack.
You sock the orc!
You kill the orc!
Okawaru accepts your kill.
You feel sick.
You sock the orc!
You kill the orc!
Okawaru accepts your kill.
Your transformation is almost over.
You feel sick.
You barely miss Dowan.
You feel sick.
You are no longer poisoned.
Dowan breathes, "And she was my only..."
Dowan hits you but does no damage.
You closely miss Dowan. Dowan hits you but does no damage.
Dowan hits you with a +4 dagger of protection.
* * * LOW HITPOINT WARNING * * *
You hit Dowan. Dowan hits you but does no damage. x2
You closely miss Dowan.
Dowan casts a spell.
Dowan blinks!
You hit Dowan.
Dowan hits you with a +4 dagger of protection.
* * * LOW HITPOINT WARNING * * *
You hit Dowan but do no damage. Dowan hits you but does no damage.
Dowan casts a spell at you. The shard of ice hits you!
You die...

#.###<# #.# #.....#
#.# ####### #.# #.#
#.# #.# ##########
#.# ......<.e## #.#
#######.#♣## #.#
#########.###)##
#.########
....[....## ##.#
#....)...# #
#########.###.##
########.###
#..#..###########.##.
#..............##...#
#....#####.###†#####.
#....# #.###.####.#
###..# #.........##


You could see Dowan (fast).

Vanquished Creatures
  Duvessa (D:4)
  A killer bee (D:4)
  Terence (D:3)
  An orc wizard (D:2)
  4 adders
  A dart slug (D:4)
  7 orcs
  3 ball pythons
  4 bats (D:2)
  6 endoplasms
  2 giant cockroaches
  4 goblins
  5 hobgoblins
  2 quokkas (D:2)
  3 frilled lizards
  4 kobolds
  A rat (D:1)
50 creatures vanquished.

Notes
Turn   | Place    | Note
-------+----------+-------------------------------------------
     0 | D:1      | GeoRichter the Minotaur Fighter began the quest for the
                  | Orb.
     0 | D:1      | Reached XP level 1. HP: 19/19 MP: 0/0
   209 | D:1      | Reached skill level 3 in Maces & Flails
   294 | D:1      | Reached XP level 2. HP: 27/27 MP: 1/1
   879 | D:2      | Reached XP level 3. HP: 33/33 MP: 2/2
   899 | D:2      | Reached skill level 4 in Maces & Flails
  1295 | D:2      | Reached XP level 4. HP: 26/41 MP: 3/3
  1419 | D:2      | Identified the +0 robe of Conscience {rElec rF- rN++}
  1589 | D:3      | Found a hide-covered altar of Uskayaw.
  1600 | D:3      | Noticed Terence
  1610 | D:3      | Killed Terence
  1611 | D:3      | Reached skill level 5 in Maces & Flails
  1778 | D:3      | Found a stormy altar of Qazlal.
  1779 | D:3      | Found a basalt altar of Yredelemnul.
  1780 | D:3      | Found a bloodstained altar of Trog.
  1782 | D:3      | Found a snail-covered altar of Cheibriados.
  1782 | D:3      | Found an iron altar of Okawaru.
  1790 | D:3      | Became a worshipper of Warmaster Okawaru
  2042 | D:3      | Found a faded altar of an unknown god.
  2306 | D:4      | Noticed Duvessa
  2306 | D:4      | Noticed Dowan
  2420 | D:4      | Reached XP level 5. HP: 45/47 MP: 4/4
  2521 | D:4      | Killed Duvessa
  2522 | D:4      | Reached skill level 5 in Fighting
  2522 | D:4      | Reached skill level 1 in Throwing
  2522 | D:4      | Reached skill level 1 in Invocations
  2562 | D:4      | Reached skill level 6 in Maces & Flails
  2562 | D:4      | Reached XP level 6. HP: 14/56 MP: 4/6
  2573 | D:4      | Killed from afar by Dowan

Illustrated notes

Levels and vault maps discovered:
D:1:      zelgadis_glass_arrival_large, layout_basic
D:2:      minmay_angry_zag, layout_rooms
D:3:      layout_basic, grunt_temple_overflow_open, mainiacjoe_overflow_catwalk,
          dreamdust_ecumenical_altar_hidden_monk_grotto, uniq_terence
D:4:      layout_loops_ring, mainiacjoe_overflow_brackets, uniq_duvessa,
          uniq_edmund

Skill      XL: |  1  2  3  4  5 |
---------------+----------------+-----
Maces & Flails | 3 4 5 6 |  6.0
Fighting       | 4 5 |  5.3
Throwing       | 1 |  1.3
Invocations    | 1 |  1.4
Armour         | |  3.6
Shields        | |  3.6

Action                   |  1- 3 |  4- 6 || total
-------------------------+-------+-------++-------
Melee: Flail             |    78 |    65 ||   143
       Headbutt          |     8 |     3 ||    11
Throw: Stone             |       |     9 ||     9
  Use: Scroll            |     3 |       ||     3
       Potion            |     1 |     3 ||     4
Armor: Scale mail        |     7 |       ||     7
       Plate armour      |    57 |    25 ||    82
       Skin              |       |     7 ||     7
Dodge: Dodged            |    30 |    10 ||    40
Block: Buckler           |    16 |    14 ||    30
